 Dungeon Crawl Stone Soup version 0.30.1-3-gfc49f6343a (webtiles) character file.

Game seed: 16875338712367970953

9 Wiggles the Chopper (level 2, 0/26 HPs)
             Began as a Minotaur Berserker on Aug 2, 2023.
             Was a Follower of Trog.
             Slain by a kobold
             ... wielding a +0 short sword
              (1 damage)
             ... on level 1 of the Dungeon.
             The game lasted 00:01:01 (195 turns).

Wiggles the Chopper (Minotaur Berserker)             Turns: 195, Time: 00:01:02

Health: 0/26       AC:  2    Str: 21    XL:     2   Next: 6%
Magic:  1/1        EV:  9    Int:  4    God:    Trog [*.....]
Gold:   15         SH:  0    Dex:  9    Spells: 1/1 levels left

rFire   . . .        a - +0 hand axe
rCold   . . .        (no shield)
rNeg    . . .        b - +0 animal skin
rPois   .            (helmet restricted)
rElec   .            (no cloak)
rCorr   .            (no gloves)
SInv    .            (no boots)
Will    .....        (no amulet)
Stlth   +            (no ring)
HPRegen 0.24/turn    (no ring)
MPRegen 0.07/turn

%: no passive effects
@: constricted
A: horns 2, retaliatory headbutt
a: Renounce Religion, Berserk


You were on level 1 of the Dungeon.
You worshipped Trog.
Trog was aware of your devotion.
You visited 1 branch of the dungeon, and saw 1 of its levels.

You collected 15 gold pieces.

Inventory:

Hand Weapons
 a - a +0 hand axe (weapon)
Armour
 b - a +0 animal skin (worn)
Scrolls
 c - a scroll of noise {unknown}
Potions
 d - a potion of curing {unknown}


   Skills:
 - Level 3.6 Fighting
 + Level 4.4 Axes
 - Level 2.4 Armour
 - Level 2.1 Dodging


You had one spell level left.
You didn't know any spells.
Your spell library was empty.

Dungeon Overview and Level Annotations

Branches:
Dungeon (1/15)

Altars:


Innate Abilities, Weirdness & Mutations

You have a pair of horns on your head.
You reflexively headbutt those who attack you in melee.


Message History

The kobold barely misses you.
A ball python comes into view.
The kobold hits you with a +0 short sword.
The hobgoblin hits you.
You hit the hobgoblin. Your headbutt misses the hobgoblin.
The hobgoblin is severely wounded.
You miss the kobold.
The kobold hits you with a +0 short sword.
The hobgoblin hits you.
You closely miss the hobgoblin.
The hobgoblin is severely wounded.
You hit the kobold but do no damage. The kobold hits you but does no damage.
The hobgoblin closely misses you. You furiously retaliate!
You headbutt the hobgoblin.
You kill the hobgoblin!
Trog accepts your kill. The kobold hits you but does no damage.
The ball python closely misses you. The ball python grabs you.
The ball python constricts you.
You see here a hobgoblin corpse.
You escape the ball python's grasp.
The kobold hits you with a +0 short sword.
The ball python bites you. The ball python completely misses you.
You hit the kobold but do no damage. You hit the ball python.
The kobold hits you with a +0 short sword.
* * * LOW HITPOINT WARNING * * *
The ball python bites you.
* * * LOW HITPOINT WARNING * * *
The ball python closely misses you. The kobold attacks as you move away!
The kobold hits you with a +0 short sword.
* * * LOW HITPOINT WARNING * * *
The kobold throws a stone.
The stone misses you. The ball python misses you.
The ball python barely misses you. The ball python misses you.
The ball python closely misses you. The kobold completely misses you.
The ball python bites you.
* * * LOW HITPOINT WARNING * * *
The ball python grabs you. The ball python constricts you.
The kobold hits you with a +0 short sword.
You die...

#.....######### #.............#
#.............# .
#.............#######..
#......................
#...................#
#..†.........†......#
#......:.....K......#
#.............@S....#
#...................#
#..............!....#
#...................#
##...........######## ###
#......####### #############..
#....############.............#
#...#####......##.#.........##.
#..>..............#.#.#>#.#....


You could see a ball python and a kobold.

Vanquished Creatures
  3 ball pythons (D:1)
  An endoplasm (D:1)
  2 hobgoblins (D:1)
  3 rats (D:1)
9 creatures vanquished.

Notes
Turn   | Place    | Note
-------+----------+-------------------------------------------
     0 | D:1      | Wiggles the Minotaur Berserker began the quest for the Orb.
     0 | D:1      | Reached XP level 1. HP: 19/19 MP: 0/0
   128 | D:1      | Reached skill level 4 in Axes
   185 | D:1      | Reached XP level 2. HP: 21/26 MP: 1/1
   195 | D:1      | HP: 1/26 [ball python (2)]
   195 | D:1      | Slain by a kobold

Illustrated notes

Levels and vault maps discovered:
D:1:      onia_arrival_handbag, layout_basic, ebering_ecumenical_altar_mist,
          kennysheep_minor_cross

Skill      XL: |  1 |
---------------+----+-----
Axes           | 4 |  4.4
Fighting       | |  3.6
Armour         | |  2.4
Dodging        | |  2.1

Action                     || total
---------------------------++-------
  Melee: Hand axe          ||    18
 Armour: Animal skin       ||     4
  Dodge: Dodged            ||    20
